 Dungeon Crawl Stone Soup version 0.31-a0-237-g2d982f9f85 (webtiles) character file.

Game seed: 2448131792435684686

545 qw the Shooter (level 7, -8/43 HPs)
             Began as a Gargoyle Hexslinger on July 11, 2023.
             Shot with an arrow by a centaur (11 damage)
             ... on level 5 of the Dungeon.
             The game lasted 00:01:29 (2771 turns).

qw the Shooter (Gargoyle Hexslinger)                Turns: 2771, Time: 00:01:29

Health: -8/43      AC: 13    Str: 12    XL:     7   Next: 27%
Magic:  8/8        EV: 10    Int: 20    God:
Gold:   99         SH:  0    Dex: 14    Spells: 7/8 levels left

rFire   x . .        Y - +1 sling
rCold   . . .        (no shield)
rNeg    + . .        d - +0 ring mail
rPois   inf          m - +0 helmet
rElec   +            (no cloak)
rCorr   .            j - +1 pair of gloves of Miyruogis {+Inv rPois rF- Int+7 Slay+3}
SInv    .            (no boots)
Will    .....        (no amulet) Stlth
                     (no ring)
HPRegen 0.27/turn    (no ring)
MPRegen 0.11/turn

%: no passive effects
@: confused
A: sickness immunity, AC +4, negative energy resistance 1, electricity
resistance, torment resistance 1, petrification resistance
a: Evoke Invisibility


You were on level 5 of the Dungeon.
You visited 1 branch of the dungeon, and saw 5 of its levels.

You collected 159 gold pieces.
You spent 60 gold pieces at shops.


Innate Abilities, Weirdness & Mutations

You are immune to sickness and miasma.
Your stone body is resilient. (AC +4)
You are immune to poison.
You resist negative energy. (rN+)
You are resistant to electric shocks. (rElec)
You are resistant to unholy torment.
You are immune to petrification.


   Skills:
 - Level 4.1 Fighting
 + Level 6.6 Ranged Weapons
 - Level 1.1 Armour
 - Level 1.5 Dodging
 - Level 1.0 Spellcasting
 - Level 2.6 Hexes


You had 7 spell levels left.
You knew the following spells:

 Your Spells              Type           Power      Damage    Failure   Level
a - Slow                  Hex            44%        N/A       13%         1

Your spell library contained the following spells:

 Spells                   Type           Power      Damage    Failure   Level
 Inner Flame              Hex/Fire       6%         N/A       56%         3
 Portal Projectile        Hex/Tloc       12%        N/A       56%         3
 Cause Fear               Hex            5%         N/A       78%         4

Inventory:

Hand Weapons
 Y - a +1 sling (weapon)
Armour
 d - a +0 ring mail (worn)
 h - a +0 pair of gloves
 j - the +1 pair of gloves of Miyruogis (worn) {+Inv rPois rF- Int+7 Slay+3}
   (You acquired it on level 4 of the Dungeon)

   Int:       It affects your intelligence (+7).
   Slay:      It affects your accuracy & damage with ranged weapons and melee
   (+3).
   rF:        It makes you vulnerable to fire.
   rPois:     It protects you from poison.
   +Inv:      It lets you turn invisible.
 m - a +0 helmet (worn)
Scrolls
 c - 4 scrolls of teleportation
 f - a scroll of identify
 k - a scroll of vulnerability {unknown}
Potions
 a - a potion of attraction {unknown}
 b - a potion of mutation {unknown}
 e - a potion of degeneration {unknown}
 g - a potion of lignification {unknown}
 i - 2 potions of resistance
 l - a potion of heal wounds {unknown}
 n - a potion of curing {unknown}
 o - a potion of cancellation {unknown}

Dungeon Overview and Level Annotations

Branches:
Dungeon (5/15)
 Temple: D:4-7

Altars:
Ashenzari
Kikubaaqudgha

Shops:
D:3 ?


Message History

The orc barely misses you. x2
You hear some strange, mumbled words.
Something tries to affect you, but you resist.
The adder barely misses you.
You shoot a sling bullet.
The sling bullet closely misses the adder.
The adder bites you but does no damage. The orc hits you with a +0 flail.
The orc hits you but does no damage. The adder closely misses you.
You shoot a sling bullet.
The sling bullet closely misses the adder.
The orc hits you but does no damage. Something hits you but does no damage.
The orc closely misses you. The adder misses you.
The orc hits you with a +0 mace. Something hits you but does no damage.
The orc closely misses you. The orc hits you but does no damage.
2765 ||| READING 5 scrolls of teleportation.
As you read the scroll of teleportation, it crumbles to dust.
You feel strangely unstable.
The adder bites you but does no damage. x2; The orc barely misses you.
Something hits you but does no damage. The orc hits you but does no damage.
The orc barely misses you.
You shoot a sling bullet. The sling bullet misses the adder.
The adder bites you. The orc hits you with a +0 whip.
You hear some strange, mumbled words.
You are confused.
The orc barely misses you. The orc hits you but does no damage.
Your surroundings suddenly seem different.
A centaur comes into view.
The centaur shouts!
The centaur wields a +0 orcbow.
The centaur shoots an arrow.
The arrow closely misses you.
The centaur shoots an arrow.
The arrow barely misses you.
Autopickup is now on.
Enter note:
Enter note: The centaur shoots an arrow.
The arrow hits you.
The centaur shoots an arrow.
The arrow hits you.
The centaur shoots an arrow.
The arrow misses you.
The centaur shoots an arrow.
The arrow hits you but does no damage.
The centaur shoots an arrow.
The arrow hits you!
You die...

#~~~~. ......# ¤¤ #.
#~¤¤~. ###.....#
¤##.#####¤¤~..
.'.....##...##¤¤¤~¤¤..#
###.#.........~¤~~~.¤...
.......c................
......... #..#.......
#....# #..>....### #.@.#
##........# ##.##
###.##.#.# ..# #.####.#
..## ##..# #.. .##
#...##... ..
#..#.)...... ..
........<.... .. ....
.........#...
...............#.##


You could see a centaur.

Vanquished Creatures
  Sigmund (D:5)
  A sky beast (D:4)
  A phantom (D:5)
  Jessica (D:2)
  An iguana (D:5)
  8 adders
  A white imp (D:5)
  2 worms (D:4)
  3 dart slugs
  5 orcs
  5 endoplasms
  4 giant cockroaches
  3 goblins
  5 hobgoblins
  4 jackals (D:2)
  5 quokkas
  5 ball pythons
  7 bats
  4 frilled lizards
  9 kobolds
  4 rats
79 creatures vanquished.

Notes
Turn   | Place    | Note
-------+----------+-------------------------------------------
     0 | D:1      | qw the Gargoyle Hexslinger began the quest for the Orb.
     0 | D:1      | Reached XP level 1. HP: 12/12 MP: 2/2
     0 | D:1      | 0 ||| qw: Version: 0.3-a-52-g30416fa
     0 | D:1      | 0 ||| qw: Game counter: 5664
     0 | D:1      | 0 ||| qw: Melee chars always use a shield: true
     0 | D:1      | 0 ||| qw: God list: Okawaru
     0 | D:1      | 0 ||| qw: Allow faded altars: false
     0 | D:1      | 0 ||| qw: Do Orc after clearing Dungeon:15 true
     0 | D:1      | 0 ||| qw: Do second Lair branch before Depths: true
     0 | D:1      | 0 ||| qw: Lair rune preference: random
     0 | D:1      | 0 ||| qw: Goals: Normal
     0 | D:1      | 0 ||| PLANNING D:1-11
   169 | D:1      | Found a faded altar of an unknown god.
   202 | D:1      | Reached XP level 2. HP: 14/16 MP: 3/3
   492 | D:1      | Reached skill level 3 in Ranged Weapons
   662 | D:1      | 662 ||| UPGRADING to +0 ring mail.
   672 | D:1      | 672 ||| DROPPING +0 robe.
   673 | D:1      | 673 ||| UPGRADING to +0 pair of gloves.
   678 | D:1      | 678 ||| READING scroll labelled VUYTHI OCEKOYPP.
   679 | D:1      | 679 ||| READING scroll labelled YTZARCHET ETWIOC.
   684 | D:1      | 684 ||| READING scroll labelled JACHUTURUFI.
   685 | D:1      | 685 ||| DRINKING 2 lumpy emerald potions.
   686 | D:1      | 686 ||| DROPPING scroll of poison.
   721 | D:2      | 721 ||| STAIRDANCE
   741 | D:1      | Reached XP level 3. HP: 18/21 MP: 4/4
   770 | D:2      | Reached skill level 1 in Armour
   930 | D:2      | Noticed Jessica
   942 | D:2      | Killed Jessica
   943 | D:2      | Reached XP level 4. HP: 19/26 MP: 5/5
  1125 | D:2      | Reached skill level 4 in Ranged Weapons
  1470 | D:3      | Found The Oracle's Delphic Readings.
  1474 | D:3      | 1474 ||| BUYING scroll of identify (24 gold).
  1474 | D:3      | Bought a scroll of identify for 24 gold pieces
  1474 | D:3      | 1474 ||| BUYING scroll of teleportation (36 gold).
  1474 | D:3      | Bought a scroll of teleportation for 36 gold pieces
  1510 | D:3      | Reached XP level 5. HP: 30/30 MP: 6/6
  1699 | D:3      | Found a broken altar of Ashenzari.
  1813 | D:3      | 1813 ||| READING scroll labelled KEIPLAOTUY.
  1941 | D:4      | 1941 ||| Stepping ~*~*~tactically~*~*~ (water).
  1981 | D:4      | 1981 ||| READING scroll labelled QOUPOYLYNN.
  1981 | D:4      | Identified a scroll of acquirement
  1981 | D:4      | 1981 ||| ACQUIRING +1 pair of gloves of Miyruogis {+Inv
                  | rPois rF- Int+7 Slay+3}
  1981 | D:4      | Acquired the +1 pair of gloves of Miyruogis {+Inv rPois rF-
                  | Int+7 Slay+3}
  1986 | D:4      | Reached skill level 5 in Ranged Weapons
  1987 | D:4      | 1987 ||| UPGRADING to +1 pair of gloves of Miyruogis {+Inv
                  | rPois rF- Int+7 Slay+3}.
  2039 | D:4      | 2039 ||| UPGRADING to +0 helmet.
  2232 | D:4      | Found an ancient bone altar of Kikubaaqudgha.
  2332 | D:4      | Noticed a sky beast
  2346 | D:4      | Killed a sky beast
  2347 | D:4      | Reached XP level 6. HP: 17/38 MP: 7/7
  2470 | D:4      | 2470 ||| READING scroll labelled PURE TONAPP.
  2471 | D:4      | 2471 ||| READING scroll labelled ESETSASUKO.
  2607 | D:5      | Entered Level 5 of the Dungeon
  2607 | D:5      | Noticed Sigmund
  2615 | D:5      | 2615 ||| STAIRDANCE
  2648 | D:5      | Killed Sigmund
  2649 | D:5      | Reached skill level 6 in Ranged Weapons
  2649 | D:5      | Reached XP level 7. HP: 41/43 MP: 8/8
  2764 | D:5      | HP: 10/43 [orc/+0 mace (5)]
  2765 | D:5      | 2765 ||| READING 5 scrolls of teleportation.
  2769 | D:5      | HP: 3/43 [centaur/arrow (3)]
  2771 | D:5      | Shot with an arrow by a centaur

Levels and vault maps discovered:
D:1:      lemuel_arrival_behind_the_door_small, layout_loops_cross,
          dilly_ecumenical_altar_fadedgnrine
D:2:      layout_rooms, due_unseen_surprise, uniq_jessica
D:3:      layout_basic, nicolae_ashenzari_panopticon, nrook_campfire,
          nicolae_nh_oracle_at_delphi
D:4:      wander_river, layout_loops_ring, lemuel_doored_altar
D:5:      layout_cave_pools, mainiacjoe_overflow_surrounded_room, minivault_24,
          kennysheep_flooded_box, grunt_decor_junction, columned_hall_lemuel,
          uniq_sigmund, uniq_duvessa

Skill      XL: |  1  2  3  4  5  6 |
---------------+-------------------+-----
Ranged Weapons | 3 4 5 6 |  6.6
Fighting       | 2 4 |  4.1
Armour         | 1 |  1.1
Dodging        | |  1.5
Spellcasting   | |  1.0
Hexes          | |  2.6

Action                     |  1- 3 |  4- 6 |  7- 9 || total
---------------------------+-------+-------+-------++-------
   Fire: Sling             |   132 |   213 |    36 ||   381
    Use: Scroll            |     3 |     4 |     1 ||     8
         Potion            |     1 |       |       ||     1
 Armour: Robe              |     8 |       |       ||     8
         Ring mail         |    52 |    72 |    23 ||   147
  Dodge: Dodged            |    77 |    70 |    20 ||   167

Table legend:
 A = Non-vault XP
 B = Vault XP
 C = Vault XP percentage of total XP
 D = Non-vault monster count
 E = Vault monster count
 F = Vault count percentage of total count
                 A         B        C        D         E       F
            +---------+---------+-------+---------+---------+-------
      Total |     513 |     266 |  34.1 |      75 |       4 |   5.1
            +---------+---------+-------+---------+---------+-------
        D:1 |      35 |       0 |   0.0 |      16 |       0 |   0.0
        D:2 |      60 |      37 |  38.1 |      22 |       1 |   4.3
        D:3 |      68 |       3 |   4.2 |      18 |       2 |  10.0
        D:4 |     194 |       0 |   0.0 |      15 |       0 |   0.0
        D:5 |     156 |     226 |  59.2 |       4 |       1 |  20.0
            +---------+---------+-------+---------+---------+-------
